 Dungeon Crawl Stone Soup version 0.31-a0-844-gdc52ec4e09 (webtiles) character file.

Game seed: 3530987712973602161

438 lonewolfV2 the Shield-Bearer (level 7, -2/55 HPs)
             Began as a Formicid Fighter on Sept 29, 2023.
             Slain by Pikel
             ... wielding a +0 whip of freezing
              (6 damage)
             ... on level 4 of the Dungeon.
             The game lasted 00:07:52 (4637 turns).

lonewolfV2 the Shield-Bearer (Formicid Fighter)     Turns: 4637, Time: 00:07:53

Health: -2/55      AC:  2    Str: 22    XL:     7   Next: 21%
Magic:  7/7        EV: 11    Int: 13    God:
Gold:   64         SH:  5    Dex: 13    Spells: 6/6 levels left

rFire   . . .        t - +8 long sword "Puschuysh" {spect, +Blink rPois rF- Int+5}
rCold   + . .        c - +0 buckler
rNeg    . . .        r - +0 robe of Kengewn {*Slow rF+ rC+ SInv}
rPois   +            (helmet unavailable)
rElec   .            (cloak currently unavailable)
rCorr   .            (gloves currently unavailable)
SInv    +            (boots currently unavailable)
Will    .....        (no amulet)
Stlth   ++           (no ring)
HPRegen 0.29/turn    (no ring)
MPRegen 0.10/turn

%: slow self (1%)
@: brilliant, beast-form
A: beast (slay +0), permanent stasis, dig shafts and tunnels, antennae 3, four
strong arms
a: Dig, Shaft Self, Begin Untransformation


You were on level 4 of the Dungeon.
You were a hulking beast.
You visited 1 branch of the dungeon, and saw 4 of its levels.
You also visited: Sewer.

You collected 285 gold pieces.
You spent 221 gold pieces at shops.

Inventory:

Hand Weapons
 a - a +0 war axe
 t - the +8 long sword "Puschuysh" (weapon) {spect, +Blink rPois rF- Int+5}
   (You bought it in a shop on level 2 of the Dungeon)

   Int+5:     It affects your intelligence (+5).
   rF-:       It makes you vulnerable to fire.
   rPois:     It protects you from poison +Blink: It lets you blink.
Armour
 b - a +0 scale mail
 c - a +0 buckler (worn)
 g - a +2 ring mail of willpower
 r - the +0 robe of Kengewn (worn) {*Slow rF+ rC+ SInv}
   (You found it on level 2 of the Dungeon)

   rF+:       It protects you from fire.
   rC+:       It protects you from cold.
   SInv:      It lets you see invisible.
   *Slow:     It may slow you when you take damage.
Jewellery
 m - a ring of wizardry
 y - a +6 ring of dexterity
Talismans
 o - a beast talisman (active)
Wands
 h - a wand of flame (28)
Scrolls
 e - 2 scrolls of identify
 q - a scroll of enchant armour
 s - 3 scrolls of butterflies
 u - a scroll of teleportation {unknown}
 v - a scroll of fear
Potions
 d - 2 potions of might
 f - 2 potions of degeneration
 i - a potion of mutation
 j - 2 potions of invisibility
 k - a potion of brilliance
 l - a potion of curing {unknown}
 n - a potion of attraction {unknown}
 p - 2 potions of heal wounds {unknown}
 w - a potion of haste {unknown}
 x - a potion of lignification {unknown}
 z - a potion of magic {unknown}


   Skills:
 + Level 4.7 Fighting
 + Level 1.3 Long Blades
 + Level 4.7 Axes
 + Level 3.9 Armour
 + Level 1.5 Dodging
 + Level 1.1 Stealth
 + Level 5.0 Shields
 + Level 1.1 Shapeshifting


You had 6 spell levels left.
You didn't know any spells.
Your spell library contained the following spells:

 Spells                   Type           Power      Damage    Failure   Level
 Foxfire                  Conj/Fire      0%         2x1d4     36%         1
 Kiss of Death            Conj/Necr      0%         2d5       36%         1
 Shock                    Conj/Air       0%         1d3       36%         1
 Cigotuvi's Dreadful Rot  Necr/Pois/Air  0%         N/A       50%         2
 Sublimation of Blood     Necr           0%         N/A       50%         2
 Confusing Touch          Hex            0%         N/A       73%         3
 Hailstorm                Conj/Ice       0%         3d3       73%         3
 Ignite Poison            Fire/Tmut/Pois 0%         N/A       73%         3
 Stone Arrow              Conj/Erth      0%         3d7       73%         3
 Tukima's Dance           Hex            0%         N/A       73%         3
 Airstrike                Air            0%         2d(0-16)  98%         4
 Animate Armour           Summ/Erth      0%         N/A       98%         4
 Dispel Undead            Necr           0%         3d6       98%         4
 Passage of Golubria      Tloc           0%         N/A       98%         4
 Petrify                  Tmut/Erth      0%         N/A       98%         4
 Summon Ice Beast         Ice/Summ       0%         N/A       98%         4
 Freezing Cloud           Conj/Ice/Air   0%         6-21      100%        5
 Irradiate                Conj/Tmut      0%         3d11      100%        5
 Yara's Violent Unravell  Hex/Tmut       0%         3d3       100%        5
 Simulacrum               Ice/Necr       0%         N/A       100%        6
 Lehudib's Crystal Spear  Conj/Erth      0%         10d2      100%        8
 Swiftness                Air            Unusable   N/A       N/A         3

Dungeon Overview and Level Annotations

Branches:
Dungeon (4/15)              Sewer (visited)
 Temple: D:4-7

Altars:
Ashenzari
Makhleb
Sif Muna
Trog
Xom
The Shining One

Shops:
D:2 ([:?[

Annotations:
D:4 Pikel


Innate Abilities, Weirdness & Mutations

You are a hulking beast.
Your limbs bulge with bestial killing power. (Slay +0)
You cannot be hasted, slowed, berserked, paralysed or teleported.
You can dig through walls and to a lower floor.
You have a pair of large antennae on your head. (SInv)
Your four strong arms can wield two-handed weapons with a shield.


Message History

Pikel shouts!
You hear a shout!
Pikel says, "I'm sure they'll be treated well, anyway."
The lemure shouts!
You barely miss the lemure. The lemure hits you.
You slash the lemure!
The lemure is severely wounded.
A lemure comes into view.
The lemure hits you. You block the lemure's attack.
The lemure shouts!
You hit the lemure.
The lemure is severely wounded.
You slash Pikel!
Pikel is lightly wounded.
You slash Pikel!
Pikel is heavily wounded.
You block Pikel's attack.
Pikel hits you with a +0 whip of freezing!
Pikel freezes you.
You hit Pikel.
Pikel is heavily wounded.
Pikel hits you with a +0 whip of freezing!
Pikel freezes you.
You slash Pikel!
Pikel is severely wounded.
Pikel hits you with a +0 whip of freezing!
* * * LOW HITPOINT WARNING * * *
Pikel freezes you.
* * * LOW HITPOINT WARNING * * *
You closely miss Pikel.
Pikel is severely wounded.
Pikel hits you with a +0 whip of freezing!
* * * LOW HITPOINT WARNING * * *
Pikel freezes you.
* * * LOW HITPOINT WARNING * * *
Pikel closely misses you.
It was a potion of brilliance.
You feel clever all of a sudden.
Pikel hits you with a +0 whip of freezing.
You die...
Pikel says, "Another soul for the market."

# #........# #####
# #.##.###.# .#
#.... # #........
#<#### #.### #
#......#. ,.. ..#
#.# #
#####.#....#. ##5
#⌠## #.###
.............
#55##♣.~## #....
#####.##.#.##
#5##.~^_.#####...#
#.[..).#
#K#~.._.~~##......
####+###
#h#..^♣†.♣##.##..#
#.⌠≈.♣_≈..⌠..##..#
###^#.#.§.#####..#
#..#_^§≈# #...
##.≈.~§#######..
##..§##........
##⌠########... ...
#... ...#. ##.#


You could see Pikel and 4 lemures.

Vanquished Creatures
  An orc priest (D:4)
  A jelly (D:3)
  Natasha (thrice) (D:2)
  Terence (D:2)
  An iguana (D:4)
  A sleepcap (D:4)
  An orc wizard (D:4)
  A hell rat (Sewer)
  A gnoll (D:3)
  4 adders
  2 river rats (Sewer)
  A white imp (D:3)
  2 worms
  2 dart slugs
  9 orcs
  9 ball pythons
  9 endoplasms
  5 giant cockroaches
  6 goblins
  11 hobgoblins
  4 quokkas
  3 bats
  5 frilled lizards
  4 kobolds
  13 rats
100 creatures vanquished.

Notes
Turn   | Place    | Note
-------+----------+-------------------------------------------
     0 | D:1      | lonewolfV2 the Formicid Fighter began the quest for the
                  | Orb.
     0 | D:1      | Reached XP level 1. HP: 18/18 MP: 1/1
    33 | D:1      | Reached XP level 2. HP: 18/24 MP: 2/2
   200 | D:1      | Reached XP level 3. HP: 25/30 MP: 3/3
   478 | D:2      | Noticed Natasha
   485 | D:2      | Killed Natasha
   486 | D:2      | Reached XP level 4. HP: 20/37 MP: 4/4
   777 | D:2      | Found Sar Yre's Antique Armour Emporium.
  1063 | D:2      | Found a faded altar of an unknown god.
  1157 | D:2      | Noticed Natasha
  1174 | D:2      | Killed Natasha
  1175 | D:2      | Reached XP level 5. HP: 31/42 MP: 5/5
  1181 | D:2      | Found Cyejahecs's Book Emporium.
  1261 | D:2      | Noticed Terence
  1271 | D:2      | Killed Terence
  1345 | D:2      | Found Afotsos's Magic Scroll Shop.
  1378 | D:2      | Noticed Natasha
  1384 | D:2      | Killed Natasha
  1607 | D:2      | Found Ubriotec's Antique Weapon Boutique.
  1830 | D:2      | Identified the +0 robe of Kengewn {*Slow rF+ rC+ SInv}
  1875 | D:2      | Found Iravea's Antique Armour Boutique.
  2183 | D:3      | Found a shimmering blue altar of Sif Muna.
  2197 | D:3      | Reached XP level 6. HP: 22/48 MP: 6/6
  2619 | D:3      | Got a glossy book
  2624 | D:3      | Found a bloodstained altar of Trog.
  2711 | D:3      | Reached skill level 1 in Dodging
  3205 | D:3      | Found a glowing golden altar of the Shining One.
  3205 | D:3      | Found a burning altar of Makhleb.
  3775 | D:2      | Bought a slimy long sword for 221 gold pieces
  3775 | D:2      | Identified the +8 long sword "Puschuysh" {spect, +Blink
                  | rPois rF- Int+5} (You bought it in a shop on level 2 of the
                  | Dungeon)
  3889 | D:4      | Reached skill level 1 in Stealth
  3894 | D:4      | Reached skill level 1 in Shapeshifting
  3971 | D:4      | Found a glowing drain.
  3984 | Sewer    | Entered a sewer
  4227 | D:4      | Reached XP level 7. HP: 51/55 MP: 7/7
  4267 | D:4      | Identified the +9 mace of Defiance {flame, *Noise rC+
                  | Stlth+}
  4403 | D:4      | Found a broken altar of Ashenzari.
  4440 | D:4      | Reached skill level 1 in Long Blades
  4446 | D:4      | Reached skill level 5 in Shields
  4607 | D:4      | Found a shimmering altar of Xom.
  4609 | D:4      | Found a shimmering altar of Xom.
  4611 | D:4      | Found a shimmering altar of Xom.
  4613 | D:4      | Found a shimmering altar of Xom.
  4627 | D:4      | Noticed Pikel
  4637 | D:4      | Slain by Pikel

Illustrated notes

Levels and vault maps discovered:
D:1:      doesnt_arrival_eight_statues, layout_rooms,
          corexii_item_surrounded_by_moat
D:2:      layout_loops_ring, serial_shops, nicolae_shop_behind_doors,
          nicolae_shop_hallway_stairs,
          nicolae_shop_temple_entry_statues_fountains, nicolae_shop_statue_plus,
          nicolae_shop_dealshenge, shapermc_ecumenical_altar_totnotflames,
          kennysheep_generic_room_6, uniq_terence, uniq_natasha
D:3:      layout_loops_corners, nzn_overflow_gifts_of_might_and_magic,
          gammafunk_temple_overflow_wave
D:4:      layout_loops_corners, xom_redecorated, kennysheep_mini,
          portal_sewer_entry_a, uniq_pikel

Skill      XL: |  1  2  3  4  5  6  7 |
---------------+----------------------+-----
Fighting       | 4 |  4.7
Axes           | 3 4 |  4.7
Dodging        | 1 |  1.5
Stealth        | 1 |  1.1
Shapeshifting  | 1 |  1.1
Long Blades    | 1 |  1.3
Shields        | 5 |  5.0
Armour         | |  3.9

Action                     |  1- 3 |  4- 6 |  7- 9 || total
---------------------------+-------+-------+-------++-------
  Melee: War axe           |    56 |   166 |       ||   222
         Long sword        |       |    30 |    23 ||    53
    Use: Scroll            |       |     9 |       ||     9
         Potion            |       |       |     1 ||     1
   Stab: Sleeping          |       |       |     2 ||     2
 Armour: Scale mail        |    51 |    25 |       ||    76
         Ring mail         |       |    34 |       ||    34
         Robe              |       |    71 |     9 ||    80
  Dodge: Dodged            |    31 |   112 |     6 ||   149
  Block: Buckler           |    16 |    51 |     6 ||    73
   Form: Beast             |       |     2 |       ||     2
                           |       |     1 |       ||     1

Table legend: (Time is in decaauts)
 A = Elapsed time spent in this place.
 B = Non-inter-level travel time spent in this place.
 C = Inter-level travel time spent in this place.
 D = Time resting spent in this place.
 E = Time spent auto-exploring this place.
 F = Levels seen in this place.
 G = Mean time per level.
                   A        B        C        D        E       F      G
               +--------+--------+--------+--------+--------+-----+--------+
         Total |   4754 |   4603 |    151 |    592 |   2947 |   5 |  950.8 |
       Dungeon |   4524 |   4373 |    151 |    592 |   2777 |   4 | 1131.0 |
         Sewer |    229 |    229 |      0 |      0 |    169 |   1 |  229.0 |
               +--------+--------+--------+--------+--------+-----+--------+

Top non-repeatable levels by time:
     D:3: 1858 daAuts
     D:2: 1583 daAuts
     D:4: 583 daAuts
     D:1: 499 daAuts
   Sewer: 229 daAuts
